 Dungeon Crawl Stone Soup version bcrawl-1.27.8b (webtiles) character file.

Game seed: 11645333588141901986

116772 LostNumber the Ducker (level 4, 0/31 HPs)
             Began as a Fairy Fighter on Nov 6, 2020.
             Was an Initiate of the Shining One.
             Slain by a hobgoblin
             ... wielding a +0 war axe
              (10 damage)
             ... on level 2 of the Dungeon.
             The game lasted 00:04:16 (1602 turns).

LostNumber the Ducker (Fairy Fighter)               Turns: 1602, Time: 00:04:16

Health: 0/31       AC:  4    Str: 14    XL:     4   Next: 0%
Magic:  6/6        EV: 12    Int: 11    God:    the Shining One [......]
Gold:   84         SH: 14    Dex: 13    Spells: 3/3 levels left

rFire    . . .     SeeInvis .   a - +0 long sword
rCold    . . .     Gourm    .   b - +0 medium shield
rNeg     . . .     Faith    .   (armour unavailable)
rPois    .         Spirit   .   (no helmet)
rElec    .         Reflect  .   (no cloak)
rCorr    .         Harm     .   (no gloves)
MR       .....                  (no boots)
Stlth    ..........             (no amulet)
HPRegen  0.10/turn              (no ring)
MPRegen  0.10/turn              (no ring)

@: flying evasively, glowing
A: small, magic attunement, unstealthy, unfitting armour, able to fly, AC/SH +4
a: Stop Flying, Renounce Religion


You were on level 2 of the Dungeon.
You worshipped the Shining One.
The Shining One was noncommittal.
You were not hungry.

You visited 1 branch of the dungeon, and saw 2 of its levels.

You collected 84 gold pieces.

Inventory:

Hand Weapons
 a - a +0 long sword (weapon)
Armour
 b - a +0 medium shield (worn)
 k - a +0 pair of gloves
   (You found it on level 2 of the Dungeon)
Scrolls
 g - a scroll of enchant weapon {unknown}
 h - a scroll of fog {unknown}
 i - a scroll of fear {unknown}
 l - a scroll of identify {@r1}
Potions
 c - a potion of might
 d - a potion of haste {unknown}
 f - 3 potions of heal wounds {unknown}
 m - a potion of lignification {unknown}
Comestibles
 e - a ration {!d!d}
 j - 3 chunks of flesh


   Skills:
 + Level 3.0 Fighting
 * Level 2.4 Long Blades
 + Level 4.5 Dodging
 + Level 4.1 Shields
 + Level 0.3 Invocations


You had 3 spell levels left.
You didn't know any spells.
Your spell library was empty.

Dungeon Overview and Level Annotations

Branches:
Dungeon (2/12)

Altars:
Lugonu
Nemelex Xobeh
The Shining One


Innate Abilities, Weirdness & Mutations

Your spells do not cause hunger and MP costs are reduced by 1.
Your bright wings attract enemies. (Stealth-)
You cannot fit into any form of body armour.
Your shimmering scales are hard and can block incoming attacks. (AC +4, SH +4)
You are small and have problems with some larger weapons.
You can fly continuously.


Message History

A gnoll comes into view. It is wielding a +0 club.
The rat barely misses you.
The gnoll shouts!
You hit the rat.
You kill the rat!
You hear a shout!
You hear an angry hiss.
Things that are here:
a +0 club; a worm corpse You hit the gnoll.
The gnoll hits you but does no damage. You block the gnoll's attack.
You slash the gnoll! The gnoll hits you with a +0 club!
* * * LOW HITPOINT WARNING * * *
You are too injured to fight recklessly!
You are too injured to fight recklessly!
Unknown command.
You closely miss the gnoll. The gnoll hits you with a +0 club.
* * * LOW HITPOINT WARNING * * *
You hit the gnoll but do no damage. You block the gnoll's attack.
Your shield prevents you from hitting the gnoll.
You block the gnoll's attack.
You hit the gnoll. You block the gnoll's attack. x2
Your shield prevents you from hitting the gnoll.
You block the gnoll's attack.
You closely miss the gnoll. The gnoll hits you with a +0 club.
* * * LOW HITPOINT WARNING * * *
You barely miss the gnoll. You block the gnoll's attack.
You barely miss the gnoll. You block the gnoll's attack. x2
You hit the gnoll.
You kill the gnoll!
You have reached level 4!
You feel agile.
The hobgoblin throws a stone.
The stone hits you but does no damage.
The hobgoblin throws a stone.
You block the stone.
The hobgoblin throws a stone.
You block the stone.
You see here a scroll labeled UXZUMO GOLLI.
The hobgoblin throws a stone.
You block the stone.
Some of the chunks of flesh in your inventory have rotted away.
The hobgoblin throws a stone.
You block the stone.
The hobgoblin throws a stone.
The stone barely misses you.
You start resting.
Eating one of 5 chunks of flesh.
You eat one of the 5 chunks of flesh.
Eating one of 4 chunks of flesh.
You eat one of the 4 chunks of flesh.
The hobgoblin is too close now for your liking.
You start resting.
The hobgoblin is too close now for your liking.
The hobgoblin throws a stone.
You block the stone. You block the hobgoblin's attack.
You closely miss the hobgoblin.
The hobgoblin hits you with a +0 war axe!
You die...

## #....## #..# .### #.#### #...
#..# #.# ##.# #..# ######.# #.#
#..############...##.##### #.#
.....g.......##.#...[....# #.#
...#########.##...##.###.# #.#
##.# ######.###.###.###.## #.#
#.# #.........@.........# #.#
#.####.####.###g###.###..#####.#
#......# #.. ..# #.# #.........
######## #.##### #.# #.########
#.# #.# #.# #.# #.# #.. #.# ..
#.. #.


You could see a hobgoblin.

Vanquished Creatures
  A gnoll (D:2)
  4 worms
  A dart slug (D:2)
  2 leopard geckos (D:1)
  A giant cockroach (D:2)
  7 goblins
  2 hobgoblins (D:2)
  A ball python (D:2)
  3 bats
  A frilled lizard (D:1)
  7 kobolds
  3 rats
33 creatures vanquished.

Notes
Turn   | Place    | Note
-------+----------+-------------------------------------------
     0 | D:1      | LostNumber the Fairy Fighter began the quest for the Orb.
     0 | D:1      | Reached XP level 1. HP: 15/15 MP: 3/3
   238 | D:1      | Reached XP level 2. HP: 7/20 MP: 4/4
  1029 | D:2      | Found a corrupted altar of Lugonu.
  1029 | D:2      | Found a glowing golden altar of the Shining One.
  1029 | D:2      | Found a sparkling altar of Nemelex Xobeh.
  1088 | D:1      | Reached XP level 3. HP: 5/25 MP: 5/5
  1422 | D:2      | Became a worshipper of the Shining One
  1566 | D:2      | Reached XP level 4. HP: 6/31 MP: 6/6
  1602 | D:2      | Slain by a hobgoblin

Skill      XL: |  1  2  3 |
---------------+----------+-----
Long Blades    | 2 |  2.4
Shields        | 4 |  4.1
Fighting       | 3 |  3.0
Dodging        | |  4.5
Invocations    | |  0.3

Action                   |  1- 3 |  4- 6 || total
-------------------------+-------+-------++-------
Melee: Long sword        |   147 |     1 ||   148
  Eat: Chunk             |     6 |     2 ||     8
Armor: Skin              |    31 |     1 ||    32
Dodge: Dodged            |    47 |     1 ||    48
Block: Medium shield     |   122 |     6 ||   128
